 Dungeon Crawl Stone Soup version 0.22-a0-422-g9628fc8 (webtiles) character file.

150 Borgoz the Skirmisher (level 5, -9/44 (46) HPs)
             Began as a Ghoul Abyssal Knight on May 17, 2018.
             Was a Follower of Lugonu.
             Mangled by an ogre
             ... wielding a +0 giant club
              (16 damage)
             ... on level 4 of the Dungeon.
             The game lasted 00:06:47 (2368 turns).

Borgoz the Skirmisher (Ghoul Abyssal Knight)        Turns: 2368, Time: 00:06:47

HP:   -9/44 (46)    AC:  3    Str: 14 (16) XL:     5   Next: 32%
MP:   5/5           EV: 11    Int:  5 (7)  God:    Lugonu [*.....]
Gold: 65            SH:  0    Dex:  8 (9)  Spells: 4/4 levels left

rFire    + . .     SeeInvis +     - Unarmed
rCold    + . .     Gourm    .   (no shield)
rNeg     + + +     Faith    +   p - +0 leather armour
rPois    ∞         Spirit   .   (no helmet)
rElec    .         Reflect  .   (no cloak)
rCorr    .         Harm     .   (no gloves)
MR       .....                  (no boots)
Stlth    +.........             n - amulet of faith
HPRegen  0.00/turn              h - ring of see invisible
MPRegen  0.09/turn              k - ring of protection from fire

@: rotting
A: rotting body, claws 1, carnivore, cold resistance 1, negative energy
resistance 3, inhibited regeneration, torment resistance, unbreathing
a: Depart the Abyss, Renounce Religion


You were on level 4 of the Dungeon.
You worshipped Lugonu.
Lugonu was aware of your devotion.
You were not hungry.

You visited 1 branch of the dungeon, and saw 4 of its levels.
You visited the Abyss 1 time.

You collected 65 gold pieces.

Inventory:

Armour
 p - a +0 leather armour (worn)
Jewellery
 a - an uncursed ring of positive energy
 d - an uncursed ring of ice
 h - a ring of see invisible (left claw)
 k - a ring of protection from fire (right claw)
 n - an amulet of faith (around neck)
 s - an uncursed amulet of the acrobat
Scrolls
 c - 2 scrolls of enchant weapon {unknown}
 e - 4 scrolls of remove curse
 f - 2 scrolls of teleportation {unknown}
 g - a scroll of immolation {unknown}
 o - a scroll of fog {unknown}
Potions
 j - a potion of haste
 l - a potion of mutation
 m - a potion of curing
 r - a potion of lignification
Comestibles
 b - 7 rations


   Skills:
 + Level 4.1 Fighting
 + Level 3.0 Armour
 + Level 1.5 Dodging
 - Level 0.2 Stealth
 + Level 3.5 Unarmed Combat
 + Level 2.6 Invocations


You had 4 spell levels left.
You didn't know any spells.
Your spell library was empty.

Dungeon Overview and Level Annotations

Branches:
Dungeon (4/15)
 Temple: D:4-7

Altars:
Dithmenos
Sif Muna

Annotations:
D:3 Veiltonx's ghost, amateur DrFE


Innate Abilities, Weirdness & Mutations

Your body is rotting away.
You thrive on raw meat.
You are immune to poison.
You have sharp fingernails.
You are carnivorous and can eat meat at any time.
Your flesh is cold resistant. (rC+)
You are immune to negative energy. (rN+++)
You do not regenerate when monsters are visible.
You are immune to unholy pain and torment.
You can survive without breathing.


Message History

The quokka bites you. The ogre hits you with a giant club.
The quokka skeleton misses you. The quokka misses you. The iguana bites you.
The quokka skeleton bites you.
* * * LOW HITPOINT WARNING * * *
The quokka barely misses you.
Found 11 gold pieces.
The quokka closely misses you. The quokka misses you. The quokka bites you.
* * * LOW HITPOINT WARNING * * *
The quokka bites you.
* * * LOW HITPOINT WARNING * * *
The quokka bites you.
* * * LOW HITPOINT WARNING * * *
The quokka barely misses you. The orc completely misses you.
An ooze comes into view.
Okay, then.
Okay, then.
The ogre hits you with a giant club!
You die...

#..# .#..##..#######.##
#..# #.#.##............
#..###.#.##.###########
#####..##...<.#.# ..
......#...)....#..
#.##............_.
#.....o......##..8
#.##.##l....## .. .
#.###@#.##### #
#.#..O......#
#r#.........#
####r#Z........#
#..............#
#.##....(........# #
##..........#.#
#..........#$#
#..........# #


You could see an ogre, an iguana, an orc and a quokka skeleton.

Vanquished Creatures
  Natasha (thrice) (D:2)
  2 adders
  An ooze (D:1)
  2 worms (D:2)
  3 dart slugs (D:1)
  A giant cockroach (D:1)
  4 hobgoblins (D:1)
  6 jackals (D:1)
  A quokka (D:4)
  4 bats
  2 frilled lizards (D:1)
  6 goblins
  7 kobolds
  6 rats
48 creatures vanquished.

Notes
Turn   | Place    | Note
-------+----------+-------------------------------------------
     0 | Abyss:1  | Borgoz the Ghoul Abyssal Knight began the quest for the Orb.
     0 | Abyss:1  | Reached XP level 1. HP: 19/19 MP: 1/1
    29 | Abyss:1  | Noticed a starcursed mass
    34 | D:1      | Escaped the Abyss
   378 | D:1      | Reached XP level 2. HP: 23/26 MP: 2/2
   560 | D:1      | Reached * piety under Lugonu
   560 | D:1      | Reached skill level 1 in Dodging
   848 | D:1      | Reached XP level 3. HP: 30/30 MP: 3/3
  1251 | D:2      | Found a shadowy altar of Dithmenos.
  1343 | D:2      | Reached XP level 4. HP: 30/40 MP: 4/4
  1417 | D:2      | Noticed Natasha
  1430 | D:2      | Killed Natasha
  1713 | D:2      | Noticed Natasha
  1721 | D:2      | Killed Natasha
  1721 | D:2      | Reached skill level 4 in Fighting
  1799 | D:2      | Noticed Natasha
  1813 | D:2      | Killed Natasha
  1813 | D:2      | Reached XP level 5. HP: 20/46 MP: 5/5
  2151 | D:3      | Noticed Veiltonx's ghost (amateur DrFE)
  2276 | D:4      | Noticed an ogre
  2342 | D:4      | Found a deep blue altar of Sif Muna.
  2368 | D:4      | Mangled by an ogre

Vault maps used:
D:1:      dpeg_arrival_rooms_b, minmay_split_cup_small
D:2:      nicolae_dithmenos_shadow_blocks, uniq_natasha
D:3:      kennysheep_big_flooded_room, marbit_many_paths
D:4:      led_sif_book
Abyss:1:  hangedman_abyss_or_decor_jellyfish_corner

Skill      XL: |  1  2  3  4 |
---------------+-------------+-----
Armour         | 2 3 |  3.0
Dodging        | 1 |  1.5
Unarmed Combat | 3 |  3.5
Fighting       | 4 |  4.1
Stealth        | |  0.2
Invocations    | |  2.6

Action                   |  1- 3 |  4- 6 || total
-------------------------+-------+-------++-------
Melee: Unarmed           |   133 |    71 ||   204
       Punch             |     1 |     1 ||     2
Invok: Depart the Abyss  |     1 |       ||     1
  Use: Potion            |       |     2 ||     2
       Scroll            |       |     6 ||     6
  Eat: Chunk             |    16 |     3 ||    19
Armor: Leather armour    |    42 |    25 ||    67
Dodge: Dodged            |    83 |    56 ||   139

Table legend:
 A = Spawn XP
 B = Non-spawn XP
 C = Spawn XP percentage of total XP
 D = Spawn monster count
 E = Non-spawn monster count
 F = Spawn count percentage of total count
 G = Total turns spent on level
                    A         B        C        D         E        F      G
               +---------+---------+-------+---------+---------+-------+---------
         Total |       0 |     215 |   0.0 |       0 |      48 |   0.0 |  2368
               +---------+---------+-------+---------+---------+-------+---------
           D:1 |       0 |      59 |   0.0 |       0 |      30 |   0.0 |  1200
           D:2 |       0 |     140 |   0.0 |       0 |      15 |   0.0 |   859
           D:3 |       0 |      14 |   0.0 |       0 |       2 |   0.0 |    99
           D:4 |       0 |       2 |   0.0 |       0 |       1 |   0.0 |   176
               +---------+---------+-------+---------+---------+-------+---------
